 Dungeon Crawl Stone Soup version 0.27-a0-1278-g6cbc8dfb29 (webtiles) character file.

Game seed: 12885638893395586711

12 sanka the Magician (level 2, -2/21 HPs)
             Began as a Djinni Necromancer on June 12, 2021.
             Frozen to death by an endoplasm (4 damage)
             ... on level 1 of the Dungeon.
             The game lasted 00:00:34 (822 turns).

sanka the Magician (Djinni Necromancer)              Turns: 822, Time: 00:00:35

Health: -2/21      AC:  2    Str:  7    XL:     2   Next: 45%
Gold:   18         EV: 12    Int: 16    God:
                   SH:  0    Dex: 13

rFire    + + .     SeeInvis .   (no weapon)
rCold    x . .     Faith    .   (no shield)
rNeg     . . .     Spirit   .   a - +0 robe
rPois    ∞         Reflect  .   (no helmet)
rElec    .         Harm     .   (no cloak)
rCorr    .         Rampage  .   (no gloves)
Will     .....                  (boots unavailable)
Stlth    ++........             (no amulet)
HPRegen  0.07/turn              (no ring)
MPRegen  0.00/turn              (no ring)

@: flying
A: sickness immunity, fire resistance 2, cold vulnerability 1, float, innate
caster, hp casting, extra vitality 1
a: no special abilities


You were on level 1 of the Dungeon.
You visited 1 branch of the dungeon, and saw 2 of its levels.

You collected 18 gold pieces.


Innate Abilities, Weirdness & Mutations

You are immune to sickness and miasma.
You are immune to poison.
Your flesh is very heat resistant. (rF++)
You are vulnerable to cold. (rC-)
You float through the air rather than walking.
You learn spells naturally, not from books.
Your magical power is your life essence.
You have superior vitality. (+4 HP)


   Skills:
 - Level 2.1 Dodging
 - Level 1.5 Stealth
 + Level 3.7 Spellcasting


You couldn't memorise any spells.
You knew the following spells:

 Your Spells              Type           Power      Damage    Failure   Level
c - Agony                 Necr           14%        N/A       71%         5
x - Vampiric Draining     Necr           7%         2d7       12%         3
z - Pain                  Necr           56%        1d6       3%          1
X - Animate Dead          Necr           7%         N/A       36%         4
Z - Animate Skeleton      Necr           28%        N/A       3%          1
Your spell library was empty.

Inventory:

Armour
 a - a +0 robe (worn)
Scrolls
 b - a scroll of amnesia {unknown}
 c - a scroll of identify {unknown}

Dungeon Overview and Level Annotations

Branches:
Dungeon (2/15)

Altars:

▒▒▒▒▒ ▒...▒ ▒.▒.▒ ▒.▒.▒
▒.▒.▒ ..▒.▒ ▒▒▒▒▒▒▒▒▒▒▒▒
▒▒▒.▒▒▒▒▒▒▒.....▒J...▒▒▒▒▒▒▒
..▒............rR..........▒
▒.▒▒▒▒▒▒▒▒▒).......▒▒▒▒▒▒▒.▒
▒.▒ ▒........▒... ▒.▒ ▒.▒
▒......▒.▒▒.. ▒r▒ ▒.▒▒
▒▒.......▒£(. ▒.▒ ▒..▒▒▒▒▒▒
▒.......▒▒▒.▒▒▒.▒ ▒▒.▒▒...▒▒
▒...............▒ ▒.▒.....▒
▒▒.▒.▒..........▒ ▒.▒..<..▒
▒.▒.▒▒▒▒▒▒▒▒▒▒▒▒


You could see an endoplasm and a quokka.


Message History

* * * LOW HITPOINT WARNING * * *
Aiming: Pain (safe; 3% risk of failure)
Aim: an endoplasm (chance to affect: 85%)
The endoplasm barely resists.
* * * LOW HITPOINT WARNING * * *
The endoplasm misses you.
Aiming: Pain (safe; 3% risk of failure)
Aim: an endoplasm (chance to affect: 85%)
The endoplasm barely resists.
* * * LOW HITPOINT WARNING * * *
The endoplasm hits you.
* * * LOW HITPOINT WARNING * * *
Aiming: Pain (safe; 3% risk of failure)
Aim: an endoplasm (chance to affect: 85%)
The endoplasm writhes in agony.
* * * LOW HITPOINT WARNING * * *
The endoplasm hits you but does no damage.
There is a stone staircase leading down here.
You fly downwards.
A ball python and an endoplasm come into view.
Found 25 stones.
There is a stone staircase leading up here.
You fly upwards.
The endoplasm barely misses you. The quokka bites you.
* * * LOW HITPOINT WARNING * * *
The endoplasm freezes you.
You are frozen.
You feel a terrible chill!
You die...

Action                   || total
-------------------------++-------
Melee: Unarmed           ||     1
 Cast: Pain              ||    23
Armor: Robe              ||     3
Dodge: Dodged            ||    14

Levels and vault maps discovered:
D:1:      noname_arrival_rooms_in_the_neighbourhood, layout_basic,
          serial_forest, infiniplex_forest_end_3, infiniplex_forest_zigzag_1,
          infiniplex_forest_straight_2, infiniplex_forest_lined_corner,
          infiniplex_forest_straight_5, minmay_misc_feat_ornament,
          minmay_split_cup_large
D:2:      layout_basic, ebering_ecumenical_altar_abandoned, uniq_natasha

Notes
Turn   | Place    | Note
-------+----------+-------------------------------------------
     0 | D:1      | sanka the Djinni Necromancer began the quest for the Orb.
     0 | D:1      | Reached XP level 1. HP: 15/15 MP: 0/0
   211 | D:1      | Reached XP level 2. HP: 2/21 MP: 0/0
   822 | D:1      | HP: 2/21 [quokka (1)]
   822 | D:1      | Frozen to death by an endoplasm

Vanquished Creatures
  A dart slug (D:1)
  2 ball pythons (D:1)
  A bat (D:1)
  2 hobgoblins (D:1)
  A kobold (D:1)
  A quokka (D:1)
8 creatures vanquished.
